 Dungeon Crawl Stone Soup version 0.31-a0-149-g3fdcc5976a (webtiles) character file.

Game seed: 9055836293676101765

576031 jasper the Ruinous (level 27, -4/176 (184) HPs)
             Began as a Gargoyle Fire Elementalist on June 6, 2023.
             Was a High Priest of Ashenzari.
             Slain by Totuz's ghost (22 damage)
             ... on level 14 of a ziggurat on June 7, 2023.
             The game lasted 02:04:44 (57782 turns).

jasper the Ruinous (Gargoyle Fire Elementalist)    Turns: 57782, Time: 02:04:44

HP:   -4/176 (184)  AC: 54    Str: 18      XL:     27
MP:   30/45         EV:  9    Int: 34 (35) God:    Ashenzari [*****.]
Gold: 2556          SH: 16    Dex: 14      Spells: 32/63 levels left

rFire   + + +        J - staff of fire "Ymaetsew" {rPois rF+ Int+3}
rCold   + . .        x - +3 kite shield "Urgency of Ashenzari" {rF+, Elem, Comp} (curse)
rNeg    + + .        b - +6 ice dragon scales "Share My Sorrow" {rF- rC++, Melee, Elem} (curse)
rPois   ∞            S - +0 helmet "Tethered Doubts" {Int+3, Melee, Elem} (curse)
rElec   +            C - +0 cloak of the Visionary Empyrean {Fort, Range} (curse)
rCorr   .            q - +0 pair of gloves of the Wild Blue Yonder {Evo, Self} (curse)
SInv    +            h - +2 pair of boots "Share My Visionary" {Will++ Str+3 SInv Stlth-, Elem, Range} (curse)
Will    ++++.        f - amulet "Bound Lifelessness" {RegenMP rC+ Int+2 Dex+4, Evo, Elem} (curse) Stlth
                     B - ring of the Chained Seer {Fire, Self, Elem} (curse)
HPRegen 0.49/turn    T - ring of the Blind Eye {Fire +Blink rPois rN+}
MPRegen 0.69/turn

%: clarity
@: flying, studying Unarmed Combat, lightly drained
A: sickness immunity, AC +20, big wings, negative energy resistance 1,
electricity resistance, torment resistance 1, petrification resistance
}: 2/15 runes: barnacled, gossamer
a: Renounce Religion, Evoke Blink, Shatter the Chains


You were on level 14 of a ziggurat.
You worshipped Ashenzari.
Ashenzari was extremely pleased with you.
You visited 9 branches of the dungeon, and saw 42 of its levels.
You visited 1 ziggurat, and saw 14 of its levels.
You also visited: Trove, Ossuary, Gauntlet, Wizlab and Desolation.

You collected 5642 gold pieces.
You spent 3086 gold pieces at shops.

Inventory:

Missiles
 y - 5 throwing nets
 G - 8 curare-tipped darts
Armour
 b - the cursed +6 ice dragon scales "Share My Sorrow" (worn) {rF- rC++, Melee, Elem}
   (You found it on level 1 of the Depths)

   rF:        It makes you vulnerable to fire.
   rC:        It greatly protects you from cold.
   It has a curse which improves the following skills: Melee Combat: Short
   Blades, Long Blades, Axes, Maces & Flails, Polearms, Staves and Unarmed
   Combat.
   Elements:  Fire Magic, Ice Magic, Air Magic and Earth Magic.
 h - the cursed +2 pair of boots "Share My Visionary" (worn) {Will++ Str+3 SInv Stlth-, Elem, Range}
   (You bought it in a shop on level 1 of the Depths)

   Str:       It affects your strength (+3).
   SInv:      It lets you see invisible.
   Will:      It greatly increases your willpower.
   Stlth:     It makes you less stealthy.
   It has a curse which improves the following skills: Elements: Fire Magic, Ice
   Magic, Air Magic and Earth Magic.
   Ranged Combat: Ranged Weapons and Throwing.
 q - the cursed +0 pair of gloves of the Wild Blue Yonder (worn) {Evo, Self}
   (You found it on level 3 of the Dungeon)

   It has a curse which improves the following skills: Evocations: Evocations.
   Introspection: Fighting and Spellcasting.
 x - the cursed +3 kite shield "Urgency of Ashenzari" (worn) {rF+, Elem, Comp}
   (You took it off a deep elf high priest on level 3 of the Elven Halls)

   rF:        It protects you from fire.
   It has a curse which improves the following skills: Elements: Fire Magic, Ice
   Magic, Air Magic and Earth Magic.
   Companions: Summonings and Necromancy.
 C - the cursed +0 cloak of the Visionary Empyrean (worn) {Fort, Range}
   (You found it in an ossuary)

   It has a curse which improves the following skills: Fortitude: Armour and
   Shields.
   Ranged Combat: Ranged Weapons and Throwing.
 S - the cursed +0 helmet "Tethered Doubts" (worn) {Int+3, Melee, Elem}
   (You found it in the Desolation of Salt)

   It has a curse which improves the following skills: Melee Combat: Short
   Blades, Long Blades, Axes, Maces & Flails, Polearms, Staves and Unarmed
   Combat.
   Elements:  Fire Magic, Ice Magic, Air Magic and Earth Magic.
Magical Staves
 J - the staff of fire "Ymaetsew" (weapon) {rPois rF+ Int+3}
   (You found it on level 10 of a ziggurat)

   [staff of fire]

   Base accuracy: +5 Base damage: 5 Base attack delay: 1.2 This weapon's minimum
   attack delay (0.6) is reached at skill level 12.
   Int:       It affects your intelligence (+3).
   rF:        It protects you from fire.
   rPois:     It protects you from poison.
   It falls into the 'Staves' category.
   It is a one-handed weapon.
Jewellery
 a - the amulet "Leosirph" {Acrobat Will+}
   (You found it in a treasure trove)

   [amulet of the acrobat]

   It increases your evasion while moving and waiting.
   Will:      It increases your willpower.
 f - the cursed amulet "Bound Lifelessness" (around neck) {RegenMP rC+ Int+2 Dex+4, Evo, Elem}
   (You bought it in a shop on level 2 of the Orcish Mines)

   [amulet of magic regeneration]

   It increases your rate of magic regeneration.
   Int:       It affects your intelligence (+2).
   Dex:       It affects your dexterity (+4).
   rC:        It protects you from cold.
   It has a curse which improves the following skills: Evocations: Evocations.
   Elements:  Fire Magic, Ice Magic, Air Magic and Earth Magic.
 m - a ring of positive energy
 B - the cursed ring of the Chained Seer (left hand) {Fire, Self, Elem}
   (You found it on level 4 of the Dungeon)

   [ring of fire]

   It enhances your fire magic.
   rF:        It protects you from fire.
   rC:        It makes you vulnerable to cold.
   It has a curse which improves the following skills: Introspection: Fighting
   and Spellcasting.
   Elements:  Fire Magic, Ice Magic, Air Magic and Earth Magic.
 K - the ring of Vaem {*Slow rF++ rN++ Str+6}
   (You found it in a wizard's laboratory)

   [ring of strength]

   Str:       It affects your strength (+6).
   rF:        It greatly protects you from fire.
   rN:        It greatly protects you from negative energy.
   *Slow:     It may slow you when you take damage.
 M - the ring of Pyromania {AC+4 Str+3}
   (You found it on level 10 of a ziggurat)

   [ring of protection]

   AC:        It affects your AC (+4).
   Str:       It affects your strength (+3).
 R - a ring of willpower
 T - the ring of the Blind Eye (right hand) {Fire +Blink rPois rN+}
   (You found it on level 7 of a ziggurat)

   [ring of fire]

   It enhances your fire magic.
   rF:        It protects you from fire.
   rC:        It makes you vulnerable to cold.
   rPois:     It protects you from poison.
   rN:        It protects you from negative energy.
   +Blink:    It lets you blink.
 U - a +6 ring of strength
 Y - a ring of resist corrosion
Wands
 c - a wand of acid (11)
 r - a wand of iceblast (56)
 t - a wand of polymorph (26)
 O - a wand of mindburst (25)
 P - a wand of digging (40)
 Q - a wand of flame (66)
Scrolls
 i - 12 scrolls of immolation
 k - 9 scrolls of noise
 w - 11 scrolls of fog
 A - 2 scrolls of blinking
 D - 6 scrolls of poison
 E - 9 scrolls of vulnerability
 F - 6 scrolls of fear
 L - 7 scrolls of magic mapping
 N - 7 scrolls of enchant weapon
 W - 18 scrolls of teleportation
 X - 4 scrolls of silence
 Z - 2 scrolls of butterflies
Potions
 d - 6 potions of degeneration
 e - 8 potions of brilliance
 g - 4 potions of invisibility
 j - 2 potions of magic
 l - 8 potions of enlightenment
 n - 8 potions of might
 o - 19 potions of curing
 p - 2 potions of berserk rage
 s - 11 potions of haste
 u - 4 potions of ambrosia
 v - 10 potions of cancellation
 z - 12 potions of attraction
 H - 14 potions of mutation
 V - 2 potions of resistance


   Skills:
 - Level 19.1(22.0) Fighting
 - Level 8.8(12.0) Staves
 - Level 19.0(21.0) Armour
 - Level 1.5 Dodging
 - Level 2.1 Stealth
 - Level 12.9(15.0) Shields
 + Level 15.6(18.7) Spellcasting
 - Level 26.0 Conjurations
 - Level 2.3 Translocations
 - Level 2.1 Transmutations
 - Level 19.6(26.0) Fire Magic
 - Level 2.5(7.4) Air Magic
 - Level 10.8(17.5) Earth Magic
 - Level 3.6(6.4) Evocations


You had 32 spell levels left.
You knew the following spells:

 Your Spells              Type           Power      Damage    Failure   Level
a - Fire Storm            Conj/Fire      97%        8d25      9%          9
b - Scorch                Fire           100%       2d9       0%          2
d - Passwall              Tmut/Erth      65%        N/A       1%          2
e - Blink                 Tloc           94%        N/A       2%          2
f - Swiftness             Air            70%        N/A       1%          3
g - Apportation           Tloc           94%        N/A       1%          1
h - Leda's Unmaking       Conj/Erth      54%        9d9       1%          6
i - Starburst             Conj/Fire      97%        6d24      0%          6

Your spell library contained the following spells:

 Spells                   Type           Power      Damage    Failure   Level
 Foxfire                  Conj/Fire      100%       2x1d9     0%          1
 Magic Dart               Conj           100%       1d8       0%          1
 Sandblast                Erth           100%       2d20      0%          1
 Shock                    Conj/Air       100%       1d9       0%          1
 Searing Ray              Conj           100%       2d8       0%          2
 Static Discharge         Conj/Air       100%       2-7/arc   0%          2
 Stone Arrow              Conj/Erth      100%       3d13      0%          3
 Flame Wave               Conj/Fire      100%       2d21      0%          4
 Sticky Flame             Conj/Fire      100%       2d11      0%          4
 Fireball                 Conj/Fire      97%        3d35      0%          5
 Iskenderun's Battlesphe  Conj           100%       2d15      0%          5
 Momentum Strike          Conj/Tloc      100%       3d10      1%          2
 Poisonous Vapours        Pois/Air       100%       N/A       1%          2
 Dazzling Flash           Conj/Hex       100%       N/A       1%          3
 Hailstorm                Conj/Ice       89%        3d18      1%          3
 Ignite Poison            Fire/Tmut/Pois 100%       N/A       1%          3
 Inner Flame              Hex/Fire       100%       N/A       1%          3
 Vhi's Electric Charge    Tloc/Air       100%       N/A       1%          3
 Volatile Blastmotes      Fire/Tloc      100%       2d18      1%          3
 Airstrike                Air            35%        2d(5-21)  1%          4
 Animate Armour           Summ/Erth      100%       N/A       1%          4
 Fulminant Prism          Conj/Hex       44%        3d19      1%          4
 Iskenderun's Mystic Bla  Conj/Tloc      91%        2d18      1%          4
 Leda's Liquefaction      Hex/Erth       37%        N/A       1%          4
 Petrify                  Tmut/Erth      78%        N/A       1%          4
 Arcjolt                  Conj/Air       49%        1d59      1%          5
 Irradiate                Conj/Tmut      45%        3d26      1%          5
 Lee's Rapid Deconstruct  Erth           50%        3d24*     1%          5
 Conjure Ball Lightning   Conj/Air       49%        3x3d17    1%          6
 Plasma Beam              Fire/Air       85%        2x1d104   1%          6
 Orb of Destruction       Conj           59%        9d14      1%          7
 Sting                    Tmut/Pois      100%       1d8       2%          1
 Lesser Beckoning         Tloc           94%        N/A       2%          2
 Wereblood                Tmut           46%        N/A       2%          2
 Borgnjor's Vile Clutch   Necr/Erth      37%        N/A       2%          5
 Summon Small Mammal      Summ           100%       N/A       3%          1
 Ensorcelled Hibernation  Hex/Ice        70%        N/A       4%          2
 Gell's Gravitas          Tloc           47%        N/A       4%          3
 Teleport Other           Tloc           47%        N/A       4%          3
 Portal Projectile        Hex/Tloc       78%        N/A       7%          3
 Frozen Ramparts          Ice            76%        1d12      8%          3
 Summon Lightning Spire   Summ/Air       55%        N/A       8%          4
 Call Canine Familiar     Summ           33%        N/A       11%         3
 Summon Guardian Golem    Hex/Summ       32%        N/A       11%         3
 Tukima's Dance           Hex            31%        N/A       12%         3
 Passage of Golubria      Tloc           47%        N/A       14%         4
 Spellforged Servitor     Conj/Summ      44%        N/A       16%         7
 Ice Form                 Ice/Tmut       42%        N/A       21%         4
 Silence                  Hex/Air        27%        N/A       24%         5
 Summon Ice Beast         Ice/Summ       36%        N/A       28%         4
 Animate Dead             Necr           33%        N/A       34%         4
 Dispel Undead            Necr           33%        3d14      34%         4
 Olgreb's Toxic Radiance  Pois           31%        N/A       36%         4
 Blade Hands              Tmut           23%        N/A       41%         5
 Summon Forest            Summ/Tloc      20%        N/A       54%         5
 Alistair's Intoxication  Tmut/Pois      25%        N/A       56%         5
 Yara's Violent Unravell  Hex/Tmut       19%        3d9       56%         5
 Metabolic Englaciation   Hex/Ice        17%        N/A       65%         5
 Shatter                  Erth           50%        3d38*     96%         9
 Eringya's Noxious Bog    Tmut/Pois      19%        N/A       98%         6
 Death Channel            Necr           16%        N/A       99%         6
 Simulacrum               Ice/Necr       18%        N/A       99%         6
 Summon Cactus Giant      Summ           16%        N/A       99%         6
 Chain Lightning          Conj/Air       49%        3d65      99%         9
 Dragon Form              Tmut           23%        N/A       100%        7
 Enfeeble                 Hex            15%        N/A       100%        7
 Haunt                    Necr/Summ      16%        N/A       100%        7
 Summon Hydra             Summ           16%        N/A       100%        7
 Discord                  Hex            15%        N/A       100%        8
 Disjunction              Tloc           23%        N/A       100%        8
 Infestation              Necr           16%        N/A       100%        8
 Death's Door             Necr           16%        N/A       100%        9
 Cigotuvi's Dreadful Rot  Necr/Pois/Air  Unusable   N/A       N/A         2
 Sublimation of Blood     Necr           Unusable   N/A       N/A         2
 Statue Form              Tmut/Erth      Unusable   N/A       N/A         6

Dungeon Overview and Level Annotations

Branches:
Dungeon (15/15)            Temple (0/1) D:6            Lair (5/5) D:9
 Shoals (4/4) Lair:3       Spider (4/4) Lair:3        Slime (0/5) Lair:5
    Orc (2/2) D:12            Elf (3/3) Orc:2        Vaults (4/5) D:14
  Crypt (0/3) Vaults:3     Depths (4/4) D:15           Hell (visited)
Ossuary (visited)          WizLab (visited)         Desolation (visited)
Gauntlet (visited)
    Dis: Hell:1         Geh: Hell:1         Coc: Hell:1         Tar: Hell:1
    Zot: Depths:4

Altars:
Ashenzari
Fedhas
Hepliaklqana
Nemelex Xobeh
Qazlal
Vehumet
Wu Jian
The Shining One

Shops:
D:10 *   Orc:2 =:?(:[:   Shoals:2 *   Vaults:3 !![*[   Depths:1 ([(

Portals:
Hell: Depths:1 Depths:2 Depths:3
Abyss: Depths:3 Depths:4
Pandemonium: Depths:2 Depths:3

Annotations:
D:9 1 runed translucent door, SirDiesAlot's ghost, journeyman TeHu
Lair:2 1 runed translucent door, exclusion: oklob plant, Darkkill's ghost, journeyman MiHu
Elf:2 3 runed translucent doors
Zig:14 Likado's ghost, legendary GnSk; Totuz's ghost, legendary HOFi; strangelove's ghost, master GrEE


Innate Abilities, Weirdness & Mutations

You are immune to sickness and miasma.
Your stone body is resilient. (AC +20)
You are immune to poison.
Your large and strong wings let you fly.
You resist negative energy. (rN+)
You are resistant to electric shocks. (rElec)
You are resistant to unholy torment.
You are immune to petrification.


Message History

* * * LOW HITPOINT WARNING * * *
You take 52 damage, and have 50/178 hp.
MASSIVE DAMAGE!!
You feel much better. The eidolon hits you!
The eidolon hits you but does no damage.
Totuz's ghost hits you!!
* * * LOW HITPOINT WARNING * * *
The shadow dragon breathes negative energy at you.
The bolt of negative energy hits the curse toe.
The curse toe completely resists.
The bolt of negative energy hits you. You partially resist.
You feel drained.
* * * LOW HITPOINT WARNING * * *
Likado's ghost hits you!
* * * LOW HITPOINT WARNING * * *
The deathcap releases spores at you but does no damage.
You take 27 damage, and have 23/176 hp.
You feel much better. You block the eidolon's attack.
The eidolon hits you but does no damage.
Totuz's ghost hits you!!
* * * LOW HITPOINT WARNING * * *
Likado's ghost hits you but does no damage.
The curse toe calls on the powers of darkness!
Your body is wracked with pain!
* * * LOW HITPOINT WARNING * * *
The shadow dragon convulses!
You block the deathcap's attack.
You take 5 damage, and have 18/176 hp.
You feel much better. The eidolon closely misses you.
The eidolon hits you but does no damage.
You block Totuz's ghost's attack. You block Likado's ghost's attack.
The curse toe calls on the powers of darkness!
Your body is wracked with pain!
* * * LOW HITPOINT WARNING * * *
The shadow dragon convulses!
The deathcap releases spores at you!
* * * LOW HITPOINT WARNING * * *
Magic scrolls do not work when you're silenced!
Okay, then.
Unknown command.
You hit the curse toe but do no damage.
The curse toe is heavily damaged.
Likado's ghost becomes audible again.
Totuz's ghost hits you!!
You die...

* , ............
▓▓...............
▓................
▓▓.....)....v.....
▓.................
▓.................
▓ff=.......°......
▓▓Wzf=........§....
▓W@zW|.f.f.........
▓▓fWDf...f.........
▓W3fffff..........
▓..f.f.f..........
▓.................
▓▓................
▓................
▓▓...............
▓▓.........,, ,


You could see a shadow dragon (catching breath), 2 curse toes, 2 eidola, a soul
eater, 6 deathcaps, 10 wandering mushrooms, Likado's ghost, Totuz's ghost and
strangelove's ghost.

Vanquished Creatures
  3 royal mummies (Zig:9)
  6 Killer Klowns (Zig:11)
  Saint Roka (Depths:2)
  A caustic shrike (Zig:10)
  Geryon (Hell)
  Jory (Vaults:2)
  Arachne (Spider:2)
  Zenata (Vaults:1)
  Mlioglotl (Shoals:1)
  5 liches
  A titan (Shoals:1)
  3 deep elf blademasters
  A quicksilver dragon (WizLab)
  2 krakens
  5 tentacled starspawn (WizLab)
  2 sphinxes (Depths:2)
  3 deep elf master archers
  2 tengu reavers
  Kirke (Shoals:3)
  A storm dragon (Depths:3)
  A nagaraja (Zig:5)
  4 revenants
  Ilsuiw (Shoals:3)
  10 deep elf sorcerers
  3 fire giants
  3 emperor scorpions (Spider:4)
  A draconian knight (Zig:8)
  12 vault wardens
  2 pandemonium lords
  An iron dragon (Depths:3)
  15 ghost moths
  7 frost giants
  3 imperial myrmidons (Desolation)
  Louise (Depths:3)
  A curse skull (Zig:14)
  A cacodemon (WizLab)
  3 orc warlords
  9 deep elf elementalists
  2 draconian shifters (Zig:8)
  4 ironbound preservers (Vaults:2)
  2 spriggan defenders
  4 formless jellyfish
  9 stone giants
  4 draconian annihilators
  8 ironbound thunderhulks
  2 war gargoyles (WizLab)
  5 vampire knights
  2 lorocyprocas (Hell)
  A stone giant (shapeshifter) (Zig:4)
  31 very ugly things
  A black draconian (Depths:4)
  4 halazid warlocks (Desolation)
  Azrael (D:13)
  4 deep elf demonologists
  9 deep elf annihilators
  10 spark wasps
  A minotaur (Gauntlet)
  A red draconian (Zig:8)
  3 yellow draconians
  A blizzard demon (Zig:7)
  3 dire elephants (Vaults:3)
  4 eidola (Zig:14)
  3 mummy priests (Zig:9)
  4 crystal guardians
  5 ettins
  8 merfolk javelineers
  8 entropy weavers
  7 yaktaur captains
  16 great orbs of eyes
  9 merfolk impalers
  A green death (Hell)
  12 deep elf death magi
  6 fire dragons
  6 deep elf high priests
  5 ragged hierophants (Desolation)
  6 rakshasas
  10 hydras
  2 servants of whispers (Desolation)
  13 vault guards
  3 hell beasts
  13 peacekeepers
  4 ice dragons
  10 centaur warriors
  2 catoblepae
  A death knight (D:14)
  6 jorogumos
  2 ghost crabs (Zig:14)
  5 ironbound frosthearts
  4 merfolk aquamancers
  3 spriggan air magi
  Erica (Lair:1)
  3 merfolk avatars
  An anaconda (Zig:3)
  17 death yaks
  6 radroaches
  2 satyrs
  18 dancing weapons
  4 boulder beetles
  A naga warrior (Zig:5)
  2 death scarabs
  3 tengu warriors (Depths:1)
  7 deep troll earth magi
  A thrashing horror (Zig:7)
  6 deep troll shamans
  12 demonic crawlers
  A shock serpent (Zig:5)
  2 spriggan berserkers
  2 two-headed ogres
  2 vampire magi
  Urug (Orc:1)
  A titan zombie (Depths:3)
  7 deep elf knights
  Amaemon (D:11)
  2 naga sharpshooters (Zig:5)
  6 skysharks
  A fire crab (Zig:10)
  3 soul eaters
  A wretched star (Zig:7)
  4 hell knights (Depths:3)
  A salamander mystic (Zig:3)
  3 pharaoh ants
  10 iron trolls
  7 skeletal warriors
  A sun moth (Spider:4)
  A quicksilver dragon simulacrum (Depths:2)
  A spark wasp zombie (Depths:3)
  Nergalle (Orc:1)
  A titan skeleton (D:15)
  A golden dragon zombie (Depths:3)
  10 sea snakes
  An orange crystal statue (WizLab)
  4 flayed ghosts
  17 orb spiders
  11 glowing orange brains
  10 deep elf archers
  21 ironbound convokers
  21 deep trolls
  4 steelbarb worms
  15 lindwurms
  An obsidian statue (Gauntlet)
  6 wizards
  A phantasmal warrior (Zig:14)
  18 deep elf zephyrmancers
  11 orc knights
  11 necromancers
  29 wolf spiders
  A mana viper (Zig:5)
  31 harpies
  27 deep elf pyromancers
  33 ugly things
  2 orc sorcerers
  A shadow dragon skeleton (Vaults:3)
  A will-o-the-wisp (Zig:7)
  26 fauns
  2 sphinx skeletons
  A tengu skeleton (Vaults:3)
  5 cyclopes
  9 manticores
  3 elf zombies
  10 moths of wrath
  A stone giant skeleton (D:15)
  13 elephants
  An apocalypse crab (Zig:4)
  16 black mambas
  5 water nymphs
  8 eyes of devastation (WizLab)
  4 merfolk sirens
  2 guardian serpents (Desolation)
  2 molten gargoyles (Lair:5)
  A rust devil (Hell)
  2 smoke demons (Hell)
  20 vault sentinels
  An ice statue (Gauntlet)
  2 naga magi
  6 torpor snails
  16 cane toads
  2 gargoyles
  An unseen horror (shapeshifter) (Elf:2)
  3 large abominations (Zig:7)
  An orange demon (D:11)
  2 kobold demonologists (D:14)
  6 rime drakes
  14 komodo dragons
  An unseen horror (D:11)
  A yaktaur zombie (Vaults:3)
  A spark wasp simulacrum (Depths:3)
  Maggie (D:6)
  An efreet (D:14)
  2 freezing wraiths (D:14)
  A yaktaur skeleton (Vaults:3)
  4 guardian mummies (Zig:9)
  33 yaktaurs
  48 merfolk
  A polar bear (Lair:1)
  3 meliai
  5 wind drakes
  9 trolls
  29 tarantellas
  4 hornets
  16 blink frogs
  17 dream sheep
  A raiju (Gauntlet)
  34 saltlings (Desolation)
  A spriggan zombie (D:15)
  10 snapping turtles
  A wind drake (shapeshifter) (D:14)
  30 jumping spiders
  Sigmund (D:4)
  23 culicivoras
  3 shadows
  13 wyverns
  A flying skull (Zig:9)
  18 water elementals
  5 hogs (Shoals:3)
  22 slime creatures
  7 air elementals
  3 ushabtiu (Zig:9)
  A human (shapeshifter) (D:14)
  2 wraiths (Vaults:3)
  6 basilisks
  42 redbacks
  75 yaks
  A hog (shapeshifter) (D:14)
  A spriggan skeleton (D:15)
  12 fire elementals
  A chaos spawn (Zig:11)
  2 neqoxecs (Zig:7)
  4 steam dragons
  A yaktaur simulacrum (Vaults:3)
  3 vampire mosquitoes (D:14)
  6 wargs
  A glowing shapeshifter zombie (Vaults:4)
  4 acid dragons
  8 hell hounds
  23 water moccasins
  A sky beast (D:7)
  A floating eye (Depths:2)
  39 orc warriors
  5 ogres
  A black bear (Lair:1)
  5 boggarts (D:15)
  2 ice beasts
  22 wolves
  A human zombie (Vaults:4)
  16 starcursed masses
  14 centaurs
  A kobold brigand (D:9)
  14 bullfrogs
  A gnoll sergeant (D:7)
  5 scorpions
  12 earth elementals
  6 water moccasin zombies (Ossuary)
  19 wights
  16 killer bees
  A howler monkey (D:6)
  An electric eel (Spider:1)
  5 lava snakes (Lair:5)
  6 hounds
  2 jellies (D:5)
  18 orc priests
  Terence (D:3)
  2 iguanas
  18 orc wizards
  6 hell rats (Lair:5)
  3 polar bear simulacra (D:15)
  2 yak simulacra (D:15)
  3 wolf simulacra (D:15)
  6 mummies
  7 gnolls
  6 adders
  2 shadow imps
  A white imp (D:5)
  2 ufetubi
  5 adder zombies (Ossuary)
  2 worms
  4 dart slugs
  89 orcs
  10 ball pythons
  11 endoplasms
  4 giant cockroaches
  4 gnoll zombies (Ossuary)
  5 hobgoblins
  3 jackals (D:3)
  4 quokkas
  3 bats
  6 frilled lizards
  7 goblins
  4 hobgoblin zombies (Ossuary)
  25 kobolds
  5 kobold zombies (Ossuary)
  4 orc zombies (Ossuary)
  13 rats
  3 river rat simulacra (D:15)
  3 fire vortices (D:15)
  4 starspawn tentacles (WizLab)
  3 tentacles
2064 creatures vanquished.

Vanquished Creatures (collateral kills)
  A draconian stormcaller (Zig:8)
  A pharaoh ant (Zig:12)
  An ushabti (Zig:9)
3 creatures vanquished.

Vanquished Creatures (others)
  A Killer Klown (Zig:11)
  A ghost moth (Zig:12)
  A deep elf elementalist (Zig:13)
  The ghost of holysushi the Spry, a journeyman TeAE of Okawaru (Lair:5)
  A sea snake (Shoals:4)
  50 fire vortices
  64 foxfires
  4 starspawn tentacles (WizLab)
  6 tentacles
129 creatures vanquished.

Grand Total: 2196 creatures vanquished

Notes
Turn   | Place    | Note
-------+----------+-------------------------------------------
     0 | D:1      | jasper the Gargoyle Fire Elementalist began the quest for
                  | the Orb.
     0 | D:1      | Reached XP level 1. HP: 10/10 MP: 3/3
    66 | D:1      | Reached XP level 2. HP: 14/15 MP: 0/5
    69 | D:1      | Learned a level 2 spell: Scorch
   285 | D:1      | Reached skill level 2 in Conjurations
   602 | D:1      | Reached XP level 3. HP: 17/19 MP: 1/6
  1088 | D:2      | Reached XP level 4. HP: 24/24 MP: 4/7
  1093 | D:2      | Learned a level 4 spell: Flame Wave
  1117 | D:2      | Reached skill level 3 in Conjurations
  1199 | D:2      | Identified the +2 robe of Kujasof {rElec rCorr Int-3
                  | Archmagi}
  2102 | D:3      | Reached XP level 5. HP: 28/28 MP: 5/8
  2151 | D:3      | Found a sparkling altar of Nemelex Xobeh.
  2310 | D:3      | Noticed Terence
  2315 | D:3      | Killed Terence
  2557 | D:4      | Reached skill level 4 in Conjurations
  2557 | D:4      | Reached skill level 5 in Fire Magic
  2573 | D:4      | Reached XP level 6. HP: 15/32 MP: 0/9
  2682 | D:4      | Reached skill level 5 in Conjurations
  2737 | D:4      | Found a stormy altar of Qazlal.
  2765 | D:4      | Found a sand-covered staircase.
  2776 | Ossuary  | Entered an ossuary
  2845 | Ossuary  | Reached XP level 7. HP: 33/36 MP: 1/10
  3011 | Ossuary  | Reached skill level 6 in Conjurations
  3251 | D:4      | Found a blossoming altar of Fedhas.
  3270 | D:4      | Noticed Sigmund
  3277 | D:4      | Killed Sigmund
  3278 | D:4      | Reached XP level 8. HP: 34/41 MP: 5/11
  3841 | D:5      | Entered Level 5 of the Dungeon
  3862 | D:5      | Reached skill level 7 in Conjurations
  3913 | D:5      | Noticed a hornet
  3918 | D:5      | Killed a hornet
  3998 | D:5      | Found a broken altar of Ashenzari.
  4010 | D:5      | Became a worshipper of Ashenzari the Shackled
  4056 | D:5      | Found a hazy altar of Hepliaklqana.
  4096 | D:5      | Reached skill level 8 in Conjurations
  4166 | D:5      | Learned a level 2 spell: Passwall
  4646 | D:6      | Found a staircase to the Ecumenical Temple.
  5105 | D:6      | Noticed a troll
  5113 | D:6      | Killed a troll
  5114 | D:6      | Reached XP level 9. HP: 45/45 MP: 5/12
  5137 | D:6      | Reached skill level 9 in Conjurations
  5169 | D:6      | Identified the +10 sling "Ifenahid" {speed, Int+3}
  5174 | D:6      | Noticed Maggie
  5187 | D:6      | Killed Maggie
  5188 | D:6      | Reached skill level 1 in Fighting
  5188 | D:6      | Reached skill level 1 in Armour
  5188 | D:6      | Reached skill level 1 in Evocations
  5370 | D:7      | Reached skill level 1 in Shields
  5557 | D:7      | Reached * piety under Ashenzari
  5616 | D:7      | Learned a level 2 spell: Blink
  5633 | D:7      | Reached XP level 10. HP: 41/58 MP: 13/13
  6150 | D:8      | Reached ** piety under Ashenzari
  6231 | D:8      | Reached skill level 5 in Fighting
  6231 | D:8      | Reached skill level 5 in Armour
  6393 | D:8      | Found an ornate altar of the Wu Jian Council.
  6646 | D:9      | Found a staircase to the Lair.
  6800 | D:9      | Found a runed translucent door.
  6802 | D:9      | Noticed SirDiesAlot's ghost (journeyman TeHu)
  6802 | D:9      | Noticed a manticore
  6981 | D:9      | Reached XP level 11. HP: 69/69 MP: 12/15
  7251 | D:10     | Entered Level 10 of the Dungeon
  7255 | D:10     | Found a glowing golden altar of the Shining One.
  7358 | D:10     | Reached *** piety under Ashenzari
  7403 | D:10     | Reached skill level 1 in Earth Magic
  7410 | D:10     | Reached skill level 1 in Translocations
  7467 | D:10     | Reached skill level 1 in Transmutations
  7673 | D:10     | Reached **** piety under Ashenzari
  7819 | D:10     | Found Xadd's Gadget Gallery.
  8505 | D:11     | Noticed a two-headed ogre
  8513 | D:11     | Killed a two-headed ogre
  8517 | D:11     | Noticed Amaemon
  8700 | Lair:1   | Entered Level 1 of the Lair of Beasts
  8778 | Lair:1   | Noticed Erica
  8786 | Lair:1   | Killed Erica
  8812 | Lair:1   | Reached XP level 12. HP: 83/84 MP: 13/23
  8878 | Lair:1   | Learned a level 3 spell: Swiftness
  8941 | Lair:1   | Reached ***** piety under Ashenzari
  8951 | Lair:1   | Reached skill level 1 in Air Magic
  9157 | Lair:1   | Reached skill level 5 in Spellcasting
  9202 | Lair:1   | Reached skill level 10 in Fighting
  9275 | Lair:1   | Reached skill level 10 in Armour
  9803 | Lair:2   | Found a runed translucent door.
  9922 | Lair:2   | Noticed a five-headed hydra
  9931 | Lair:2   | Killed a five-headed hydra
  9941 | Lair:2   | Noticed a catoblepas
  9951 | Lair:2   | Killed a catoblepas
  9960 | Lair:2   | Reached XP level 13. HP: 79/92 MP: 12/28
 10325 | Lair:2   | Noticed Darkkill's ghost (journeyman MiHu)
 11108 | Lair:3   | Found a hole to the Spider Nest.
 11196 | Lair:3   | Found a staircase to the Shoals.
 12370 | Lair:4   | Gained mutation: Your large and strong wings let you fly.
                  | [Gargoyle growth]
 12370 | Lair:4   | Reached XP level 14. HP: 102/102 MP: 31/31
 12679 | Lair:4   | Learned a level 1 spell: Apportation
 12996 | Lair:5   | Entered Level 5 of the Lair of Beasts
 13197 | Lair:5   | Reached skill level 10 in Spellcasting
 13496 | Lair:5   | Found a staircase to the Slime Pits.
 13649 | Lair:5   | Found a large runed translucent door.
 13649 | Lair:5   | Found a large runed translucent door.
 13655 | Lair:5   | Noticed holysushi's ghost (journeyman TeAE)
 14053 | Lair:5   | Found a large runed translucent door.
 14053 | Lair:5   | Found a large runed translucent door.
 14075 | Lair:5   | Reached XP level 15. HP: 70/110 MP: 27/33
 14743 | Lair:5   | Reached skill level 15 in Fighting
 14998 | Lair:5   | Learned a level 6 spell: Leda's Unmaking
 15099 | Lair:5   | Killed holysushi's ghost
 15283 | D:11     | Killed Amaemon
 15434 | D:11     | Reached skill level 5 in Earth Magic
 15913 | D:12     | Found a staircase to the Orcish Mines.
 16341 | Orc:1    | Entered Level 1 of the Orcish Mines
 16377 | Orc:1    | Noticed Nergalle
 16384 | Orc:1    | Killed Nergalle
 16401 | Orc:1    | Noticed Urug
 16411 | Orc:1    | Killed Urug
 17084 | Orc:2    | Entered Level 2 of the Orcish Mines
 17084 | Orc:2    | Found Mumanud's Book Boutique.
 17139 | Orc:2    | Found a staircase to the Elven Halls.
 17228 | Orc:2    | Found Vecysh's Armour Emporium.
 17786 | Orc:2    | Found Duts's Magic Scroll Shop.
 17786 | Orc:2    | Found Elug's Weapon Shoppe.
 17786 | Orc:2    | Found Izolofru's Book Emporium.
 17789 | Orc:2    | Found Gulamizivva's Book Boutique.
 17793 | Orc:2    | Bought a scroll of teleportation for 51 gold pieces
 17793 | Orc:2    | Bought a scroll of teleportation for 51 gold pieces
 17793 | Orc:2    | Bought a scroll of teleportation for 51 gold pieces
 17793 | Orc:2    | Bought a scroll of fog for 68 gold pieces
 17793 | Orc:2    | Bought a scroll of teleportation for 51 gold pieces
 17793 | Orc:2    | Bought a scroll of magic mapping for 127 gold pieces
 17796 | Orc:2    | Bought a book of Spectacle for 600 gold pieces
 17803 | Orc:2    | Learned a level 6 spell: Starburst
 17808 | Orc:2    | Bought a book of Fire for 484 gold pieces
 17864 | Orc:2    | Found Plog's Jewellery Boutique.
 18402 | D:13     | Identified Jov Suri's Volume of Changes
 18861 | D:13     | Reached skill level 10 in Conjurations
 19348 | D:14     | Reached skill level 10 in Earth Magic
 19468 | D:14     | Noticed Azrael
 19571 | D:13     | Killed Azrael
 19585 | D:13     | Reached XP level 16. HP: 63/118 MP: 6/36
 19875 | D:14     | Found a gate to the Vaults.
 19879 | D:14     | Reached skill level 10 in Fire Magic
 20348 | D:14     | Reached skill level 11 in Conjurations
 20709 | D:15     | Entered Level 15 of the Dungeon
 20752 | D:15     | Found a gate leading to a gauntlet.
 20773 | Gauntlet | Entered a Gauntlet
 20773 | Gauntlet | Found a transporter.
 20833 | Gauntlet | Found a transporter.
 20834 | Gauntlet | Found a transporter.
 20834 | Gauntlet | Found a transporter.
 20843 | Gauntlet | Found a transporter.
 20849 | Gauntlet | Found a transporter.
 20858 | Gauntlet | Found a transporter.
 20874 | Gauntlet | Found a transporter.
 20884 | Gauntlet | Identified the staff of earth "Iphoraif" {Will+ Stlth+}
 20884 | Gauntlet | Found a transporter.
 20906 | Gauntlet | Identified the +1 helmet "Yhog" {rC+}
 20906 | Gauntlet | Found a transporter.
 20920 | Gauntlet | Found a transporter.
 20975 | D:15     | Found a staircase to the Depths.
 22066 | Spider:1 | Entered Level 1 of the Spider Nest
 22104 | Spider:1 | Reached skill level 12 in Conjurations
 22730 | Spider:1 | Identified the +2 robe of Awe {MP+9}
 23085 | Spider:2 | Reached skill level 13 in Conjurations
 23321 | Spider:2 | Noticed Arachne
 23332 | Spider:2 | Reached XP level 17. HP: 114/124 MP: 0/37
 23347 | Spider:2 | Killed Arachne
 23840 | Orc:2    | Bought the amulet "Zeiraremp" {RegenMP rC+ Int+2 Dex+4} for
                  | 735 gold pieces
 24763 | Spider:3 | Reached skill level 14 in Conjurations
 26218 | Spider:4 | Entered Level 4 of the Spider Nest
 26501 | Spider:4 | Reached skill level 15 in Conjurations
 27961 | Spider:4 | Reached XP level 18. HP: 129/129 MP: 26/38
 28154 | Spider:4 | Reached skill level 16 in Conjurations
 28292 | Spider:4 | Reached skill level 15 in Fire Magic
 28863 | Spider:4 | Got a gossamer rune of Zot
 29435 | Depths:1 | Entered Level 1 of the Depths
 30024 | Depths:1 | Found a gateway to Hell.
 30037 | Depths:1 | Found Vephel's Weapon Shoppe.
 30041 | Depths:1 | Found Uphuczoe's Antique Armour Emporium.
 30042 | Depths:1 | Found Dulipse Faer's Weapon Shoppe.
 30047 | Depths:1 | Bought a pair of transparent boots for 266 gold pieces
 30047 | Depths:1 | Identified the +2 pair of boots of the Secret People
                  | {Will++ Str+3 SInv Stlth-} (You bought it in a shop on
                  | level 1 of the Depths)
 30136 | Depths:1 | Reached skill level 17 in Conjurations
 31451 | Depths:2 | Reached skill level 18 in Conjurations
 31586 | Depths:2 | Reached XP level 19. HP: 131/131 MP: 20/37
 32050 | Depths:2 | Paralysed by a floating eye for 4 turns
 32057 | Depths:2 | Reached skill level 15 in Armour
 32883 | Elf:1    | Entered Level 1 of the Elven Halls
 34181 | Elf:2    | Found a crumbling gateway.
 34190 | Desolati | Entered the Desolation of Salt
 34291 | Desolati | Identified Sif Muna's Codex of the Lethal Nimbus
 34331 | Desolati | Identified the +4 orcbow "Tariptawn" {heavy, rN+ Stlth+}
 34370 | Desolati | Identified the +0 leather armour of Anuen {rC+}
 34583 | Desolati | Identified the ring of Acluokhir {rF- rN+ Slay+3 Stlth+}
 34745 | Desolati | Identified the Vellum of Toxicity and the Quarry
 34747 | Desolati | Identified the ring of the Prince {rPois rC+}
 35004 | Desolati | Identified the ring "Seni" {rF+ Str+5}
 35998 | Elf:2    | Found a radiant altar of Vehumet.
 36341 | Elf:2    | Found a runed translucent gate.
 36341 | Elf:2    | Found a runed translucent gate.
 36352 | Elf:2    | Found a runed translucent gate.
 36391 | Elf:3    | Entered Level 3 of the Elven Halls
 36410 | Elf:3    | Reached XP level 20. HP: 115/144 MP: 20/39
 38253 | Elf:3    | Identified the +6 great sword "Tormentor" {antimagic,
                  | Dex+6}
 38457 | Elf:3    | Identified the +1 great sword of Silyraet {antimagic, Int+3
                  | Stlth+}
 38573 | Elf:3    | Identified the +3 kite shield of the Guava {rF+}
 38573 | Elf:3    | Identified the amulet of Imydy {Acrobat Int+2 Dex+4}
 38684 | Elf:3    | Reached XP level 21. HP: 152/152 MP: 40/40
 38858 | Elf:3    | Identified the +0 war axe of Magnificence {elec, Drain
                  | rElec Int+3 Stlth+}
 38887 | Elf:3    | Identified the Almanac of the Crystalline Spider
 38888 | Elf:3    | Identified the Reference Book on Space and Accompaniment
 38888 | Elf:3    | Identified the +1 dagger "Nerrol" {flame, rC- Dex+4}
 39276 | Shoals:1 | Entered Level 1 of the Shoals
 39292 | Shoals:1 | Noticed Mlioglotl
 39296 | Shoals:1 | Killed Mlioglotl
 39506 | Shoals:1 | Reached skill level 5 in Shields
 40170 | Shoals:1 | Identified the +10 short sword "Rymes" {freeze, Str+8}
 41030 | Shoals:2 | Reached XP level 22. HP: 133/156 MP: 3/40
 41112 | Shoals:2 | Found Itwuppex's General Store.
 41117 | Shoals:2 | Bought a scroll of blinking for 120 gold pieces
 41117 | Shoals:2 | Bought a scroll of immolation for 64 gold pieces
 41553 | Shoals:3 | Reached skill level 10 in Shields
 41853 | Shoals:3 | Noticed Ilsuiw
 41863 | Shoals:3 | Killed Ilsuiw
 42149 | Shoals:3 | Noticed Kirke
 42153 | Shoals:3 | Killed Kirke
 42417 | Shoals:4 | Entered Level 4 of the Shoals
 42960 | Shoals:4 | Reached skill level 1 in Staves
 43100 | Shoals:4 | Identified the staff of earth "Hagorph" {Str+5 Dex+3}
 43525 | Shoals:4 | Got a barnacled rune of Zot
 44203 | Vaults:1 | Entered Level 1 of the Vaults
 44301 | Vaults:1 | Noticed Zenata
 44306 | Vaults:1 | Killed Zenata
 44436 | Vaults:1 | Found a magical portal.
 44441 | WizLab   | Entered Lehudib's Moon Base
 44501 | WizLab   | Found a transporter.
 44513 | WizLab   | Reached skill level 5 in Staves
 45387 | WizLab   | Identified the ring of Vaem {*Slow rF++ rN++ Str+6}
 45693 | WizLab   | Found a transporter.
 46235 | Vaults:1 | Reached ****** piety under Ashenzari
 46409 | Vaults:1 | Reached XP level 23. HP: 163/163 MP: 26/41
 47225 | Vaults:2 | Noticed Jory
 47230 | Vaults:2 | Killed Jory
 47738 | Vaults:2 | Identified the +0 kite shield of the Other Side {rF+ SInv}
 48293 | Vaults:2 | Found a portal to a secret trove of treasure.
 48612 | Vaults:2 | Reached skill level 19 in Conjurations
 49019 | Vaults:3 | Upgraded the game from 0.31-a0-145-g046c7d2549 to
                  | 0.31-a0-149-g3fdcc5976a
 49031 | Vaults:3 | Learned a level 9 spell: Fire Storm
 49178 | Vaults:3 | Found Efops's Distillery.
 49186 | Vaults:3 | Bought a potion of resistance for 180 gold pieces
 49512 | Vaults:3 | Found Dygyuru's Antique Armour Shoppe.
 49810 | Vaults:3 | Found Kicoge's Assorted Antiques.
 50173 | Vaults:3 | Found Cuvo's Armour Emporium.
 50226 | Vaults:3 | Reached XP level 24. HP: 111/169 MP: 19/43
 50364 | Vaults:3 | Found a staircase to the Crypt.
 50562 | Vaults:3 | Found Nuamomus's Distillery.
 50571 | Vaults:3 | Bought a potion of curing for 42 gold pieces
 50571 | Vaults:3 | Bought a potion of curing for 42 gold pieces
 50571 | Vaults:3 | Bought a potion of curing for 42 gold pieces
 50571 | Vaults:3 | Bought a potion of curing for 42 gold pieces
 50571 | Vaults:3 | Bought a potion of heal wounds for 70 gold pieces
 51997 | Hell     | Entered the Vestibule of Hell
 51997 | Hell     | Noticed Geryon
 52001 | Hell     | Reached skill level 20 in Conjurations
 52004 | Hell     | Killed Geryon
 52255 | Vaults:2 | You paid a toll of the horn of Geryon to enter a treasure
                  | trove
 52256 | Trove    | Entered a treasure trove
 52261 | Trove    | Identified the amulet "Leosirph" {Acrobat Will+}
 52261 | Trove    | Identified the ring "Kushes" {rF+ rC++}
 52261 | Trove    | Identified the ring of Huasi {rPois rC+ Str+2 Dex+6 Stlth+}
 53298 | Depths:2 | Found a one-way gate leading to the halls of Pandemonium.
 53337 | Depths:2 | Noticed Saint Roka
 53350 | Depths:2 | Killed Saint Roka
 54770 | Depths:3 | Noticed Louise
 54777 | Depths:3 | Killed Louise
 54834 | Depths:3 | Found a one-way gate to the infinite horrors of the Abyss.
 55072 | Depths:3 | Reached skill level 21 in Conjurations
 55806 | Depths:4 | Entered Level 4 of the Depths
 56183 | Depths:4 | Found a one-way gateway to a ziggurat.
 56194 | Zig:1    | Entered Level 1 of a ziggurat
 56206 | Zig:2    | Entered Level 2 of a ziggurat
 56248 | Zig:3    | Entered Level 3 of a ziggurat
 56288 | Zig:4    | Entered Level 4 of a ziggurat
 56288 | Zig:4    | Noticed Pioluis the pandemonium lord
 56288 | Zig:4    | Identified the +5 short sword "Doidenn" {heavy, rC+ MP+9}
 56296 | Zig:4    | Killed Pioluis the pandemonium lord
 56338 | Zig:5    | Entered Level 5 of a ziggurat
 56338 | Zig:5    | Identified the +4 pearl dragon scales "Ujugh" {rN+ Int+2
                  | Dex+6 Stlth-}
 56339 | Zig:5    | Identified the ring "Wyklunk" {Wiz rC+ rN+ MP-9 Dex+6}
 56344 | Zig:5    | Reached XP level 25. HP: 169/175 MP: 40/45
 56348 | Zig:5    | Reached skill level 22 in Conjurations
 56379 | Zig:6    | Entered Level 6 of a ziggurat
 56505 | Zig:7    | Entered Level 7 of a ziggurat
 56507 | Zig:7    | Identified 2 scrolls of acquirement
 56509 | Zig:7    | Identified the ring of the Blind Eye {Fire +Blink rPois
                  | rN+}
 56518 | Zig:7    | Acquired the Book of Charnel Conduction
 56519 | Zig:7    | Acquired a book of the Tundra
 56542 | Zig:8    | Entered Level 8 of a ziggurat
 56550 | Zig:8    | Identified the +9 halberd of Uncomfortable Rashes {drain,
                  | Dex+3}
 56647 | Zig:8    | Reached skill level 23 in Conjurations
 56647 | Zig:8    | Reached XP level 26. HP: 179/179 MP: 44/44
 56648 | Zig:8    | Reached XP level 27. HP: 184/184 MP: 44/44
 56674 | Zig:9    | Entered Level 9 of a ziggurat
 56679 | Zig:9    | Noticed a royal mummy
 56679 | Zig:9    | Noticed a royal mummy
 56679 | Zig:9    | Noticed a royal mummy
 56682 | Zig:9    | Killed a royal mummy
 56683 | Zig:9    | Killed a royal mummy
 56683 | Zig:9    | Killed a royal mummy
 56684 | Zig:9    | Reached skill level 24 in Conjurations
 56687 | Zig:9    | Identified the staff of death "Ixtingaluo" {*Corrode rElec
                  | rN+ Will+++ Int-5}
 56699 | Zig:9    | Identified the +7 hand axe of Ontixkir {heavy, SInv}
 56961 | Zig:10   | Entered Level 10 of a ziggurat
 56968 | Zig:10   | Identified the staff of fire "Ymaetsew" {rPois rF+ Int+3}
 56970 | Zig:10   | Identified the ring of Pyromania {AC+4 Str+3}
 56970 | Zig:10   | Identified the +2 plate armour "Umosm" {rC++}
 57068 | Zig:11   | Entered Level 11 of a ziggurat
 57076 | Zig:11   | Identified the ring of Unegemmi {rElec Int+6}
 57077 | Zig:11   | Noticed Umikluat the pandemonium lord
 57077 | Zig:11   | Identified the +8 orcbow "Huthazar" {drain, MP+9}
 57081 | Zig:11   | Reached skill level 25 in Conjurations
 57087 | Zig:11   | Killed Umikluat the pandemonium lord
 57106 | Zig:11   | Identified the +0 robe of Kleptomania {rElec rCorr Int+2}
 57285 | Zig:12   | Entered Level 12 of a ziggurat
 57305 | Zig:12   | Reached skill level 26 in Conjurations
 57309 | Zig:12   | Found the ring of the Octopus King {rC+ HP+2 AC+2 EV+2
                  | SH+2}
 57309 | Zig:12   | Found the ring of the Octopus King {rC+ HP+2 AC+2 EV+2
                  | SH+2}
 57309 | Zig:12   | Found the +8 trishula "Condemnation" {holy, anguish, *Noise
                  | Fly rN+}
 57309 | Zig:12   | Identified the ring of the Traitor {Wiz rPois rC+}
 57399 | Zig:13   | Entered Level 13 of a ziggurat
 57406 | Zig:13   | Paralysed by an air elemental for 1 turns
 57425 | Zig:13   | Reached skill level 15 in Spellcasting
 57467 | Zig:13   | Identified the +3 chain mail of the Tick {rF- Dex+6}
 57468 | Zig:13   | Identified the +4 ring mail of a ziggurat {rF- rC+ rN+
                  | Str+8}
 57469 | Zig:13   | Identified the Treatise on Lava and Nausea
 57470 | Zig:13   | Found the +10 zealot's sword {holy, Zealotry, *Rage rN+
                  | EV+3}
 57470 | Zig:13   | Identified the +7 arbalest of Light {speed, rElec rC+}
 57470 | Zig:13   | Identified the amulet "Bumethei" {RegenMP rC+}
 57737 | Zig:14   | Entered Level 14 of a ziggurat
 57745 | Zig:14   | Noticed Totuz's ghost (legendary HOFi)
 57747 | Zig:14   | Noticed strangelove's ghost (master GrEE)
 57747 | Zig:14   | Noticed Likado's ghost (legendary GnSk)
 57751 | Zig:14   | Identified the staff of conjuration "Xynurphoi" {rC+ Str+4}
 57751 | Zig:14   | Identified the staff of fire "Ypexteops" {rF+ rN+}
 57751 | Zig:14   | Identified the staff of poison "Pieklut" {Fly rPois Int+3}
 57751 | Zig:14   | Identified the ring of a Thousand Visions {Dex+3 Slay+4}
 57782 | Zig:14   | Slain by Totuz's ghost

Illustrated notes

Levels and vault maps discovered:
D:1:      dpeg_arrival_tiny_c, layout_rooms
D:2:      layout_loops_corners, minmay_vboxes
D:3:      layout_rooms, nemelex_spade_bored_becter, st_stairs_6, uniq_terence
D:4:      layout_basic, fedhas_altar_2, grunt_qazlal_clouds,
          nicolae_ossuary_entry_monument, hex_medium, nrook_loot_triangle,
          uniq_sigmund
D:5:      layout_basic, evilmike_ruin_ashenzari, mainiacjoe_overflow_paths
D:6:      mumra_celtic_spiral_tile, layout_rooms,
          minmay_temple_entry_gardened_gates, uniq_maggie
D:7:      layout_cave_pools, grunt_ministairs_15,
          hangedman_abyss_or_decor_passed
D:8:      layout_cave_pools, nzn_wu_jian_contemplation
D:9:      layout_roguey, lair_entry_dummy, ebering_ghost_inner_flame,
          special_room [special_room_orc]
D:10:     layout_gridville, mainiacjoe_overflow_chevrons, nicolae_shop_gadgets
D:11:     layout_roguey [special_room_orc], uniq_amaemon
D:12:     layout_grid_maze, minmay_orc_entry_guard_dogs
D:13:     layout_stronghold
D:14:     layout_loops_ring, lightli_vaults_fourway_checkpoint,
          kennysheep_generic_room_12, uniq_azrael
D:15:     gammafunk_depths_entry_grave, layout_basic, minmay_misc_feat_pillars,
          gauntlet_entry_generic, eino_house_with_fridge
Lair:1:   layout_regular_city, uniq_erica
Lair:2:   layout_regular_city, serial_rivers, chequers_serial_rivers_micro_b,
          chequers_serial_rivers_micro_a, chequers_serial_rivers_micro_c,
          chequers_serial_rivers_small_a, chequers_serial_rivers_micro_a,
          chequers_serial_rivers_small_a, ebering_ghost_reflecting_pool,
          grunt_megastairs_3
Lair:3:   layout_cave_pods, elwin_shoals_entry_rooms, spider_nest_entry_rubble,
          chequers_serial_rivers_small_b, chequers_serial_rivers_micro_c,
          st_stairs_5
Lair:4:   layout_hall_layers, chequers_serial_rivers_large_a, grunt_megastairs_4
Lair:5:   cheibrodos_lair_end_hotspot, layout_regular_city,
          dpeg_slime_entry_enclosed, ebering_ghost_disaster_area,
          nicolae_lair_lindhole
Shoals:1: cheibrodos_shoals_gigantism, layout_shoals,
          nicolae_shoals_kraken_intersection, uniq_mlioglotl
Shoals:2: cheibrodos_shoals_oceanic_diplomacy, layout_shoals,
          nicolae_shoals_c_island
Shoals:3: layout_shoals, uniq_ilsuiw, uniq_kirke
Shoals:4: shoals_end_grunt_garden, layout_shoals, shoals_ilsuiw_ice,
          nicolae_shoals_cliffside_cave
Spider:1: layout_spider_delve, hellmonk_motheaten_closet
Spider:2: layout_spider_delve, nicolae_spider_twisty_arc_passages, uniq_arachne
Spider:3: layout_chambers, nicolae_spider_cling_halls,
          hangedman_spider_tarantella_strand
Spider:4: johnstein_spider_rune_arachne_lair
Orc:1:    layout_caves, basic_altar, uniq_urug, uniq_nergalle
Orc:2:    st_orc_rangers, layout_caves, serial_shops, nicolae_shop_gaudy_bauble,
          shop, shop
Elf:1:    layout_geoelf_octagon, minivault_28
Elf:2:    elven_hall_of_blades_hangedman_original
          [nicolae_blade_entry_pointy_end], layout_geoelf_diagonals,
          portal_desolation_entry_twin_temple, basic_altar,
          nicolae_elf_loose_elemental_storage
Elf:3:    minmay_elf_hall_four_x, layout_loops_corners, kb_rosetta
Vaults:1: mu_enter_wizlab_1, hangedman_vaults_impose, vaults_mumra_lcd,
          nicolae_vaults_tangram_2, layout_vaults_omnigrid, uniq_zenata
Vaults:2: nicolae_vaults_meiosis, v_misc_10, nicolae_vaults_tetromino_L_1,
          nicolae_vaults_shipping_containers_4, hangedman_vaults_stream,
          nicolae_vaults_closet_pinwheel_3, hangedman_vaults_impose,
          hangedman_vaults_snaps, v_misc_22, nicolae_vaults_tetromino_Z_1,
          v_alt_pattern_1, nicolae_vaults_closet_pinwheel_1,
          nicolae_vaults_diamond_1, layout_vaults_maze_bifur, enter_trove_2,
          uniq_jory
Vaults:3: nicolae_vaults_big_angled_halls, nicolae_vaults_little_squares_2,
          nicolae_vaults_windows_and_doors_thing,
          minmay_crypt_entry_simple_plaza, v_alt_pattern_5,
          hangedman_vaults_nails, nicolae_vaults_offset_grid_hallway_2,
          nicolae_vaults_diamond_2, nicolae_vaults_double_plus_2,
          ontoclasm_vaults_ring_small, nicolae_vaults_network_square,
          nicolae_vaults_little_ls, v_misc_12, ontoclasm_vaults_eye,
          nicolae_vaults_library_corner, layout_vaults_omnicross, serial_shops,
          shop, shop, nicolae_shop_just_a_little_nook, shop,
          nicolae_shop_tiny_real_fake_doors
Vaults:4: nicolae_vaults_big_angled_halls, vaults_mumra_chevron_long,
          nicolae_vaults_hallways_thing, grunt_vaults_diagonal,
          nicolae_vaults_murderbox, nicolae_vaults_layer_cake_slice,
          layout_vaults_chaotic_city
Depths:1: layout_gridlike, hell_entry, nicolae_the_louvre, minmay_shop_star,
          serial_bayou_shore_b, grunt_megastairs_2
Depths:2: minmay_blocking_statues, layout_gridlike, grunt_mini_vestibule,
          pan_entry, uniq_saint_roka
Depths:3: nicolae_cairo_tiling_very_big, layout_gridlike, pan_entry,
          nicolae_abyss_entry_one_way_or_another, nicolae_figureground_sparkle,
          hell_entry, chequers_big_river
Depths:4: grunt_x_marks_the_spot, layout_twisted_cross, enter_ziggurat_b,
          abyss_entry, pf_dread_powers_of_hell, nicolae_shop_clearance
Hell
Zig:14

Skill      XL: |  1  2  3  4  5  6  7  8  9 10 11 12 13 14 15 16 17 18 19 20 21 22 23 24 25 26 27 |
---------------+----------------------------------------------------------------------------------+-----
Conjurations   | 2 3 4 5 6 8 9 10 13 15 18 19 21 23 26 | 26.0
Fire Magic     | 4 5 7 8 9 12 14 16 18 19 | 19.6
Fighting       | 3 7 9 11 13 14 15 17 18 19 | 19.1
Armour         | 3 7 9 11 12 14 17 18 19 | 19.0
Evocations     | 3 |  3.6
Shields        | 2 3 9 12 | 12.9
Earth Magic    | 3 10 | 10.8
Translocations | 2 |  2.3
Transmutations | 2 |  2.1
Spellcasting   | 4 6 9 10 11 13 14 15 | 15.6
Air Magic      | 2 |  2.5
Staves         | 8 |  8.8
Dodging        | |  1.5
Stealth        | |  2.1

Action                     |  1- 3 |  4- 6 |  7- 9 | 10-12 | 13-15 | 16-18 | 19-21 | 22-24 | 25-27 || total
---------------------------+-------+-------+-------+-------+-------+-------+-------+-------+-------++-------
  Melee: Unarmed           |     4 |       |       |       |       |       |       |       |       ||     4
         Short sword       |    48 |    10 |       |       |       |       |       |       |       ||    58
         Punch             |     1 |       |       |       |       |       |       |       |       ||     1
         Dagger            |       |    35 |    45 |       |       |       |       |       |       ||    80
         Trident           |       |       |    37 |       |       |       |       |       |       ||    37
         Staff             |       |       |       |       |       |       |     4 |   212 |    41 ||   257
   Fire: Sling             |       |       |    67 |   273 |   691 |   621 |   359 |       |       ||  2011
   Cast: Foxfire           |    11 |    25 |       |       |       |       |       |       |       ||    36
         Scorch            |    26 |    84 |   141 |    92 |    83 |    17 |     4 |       |       ||   447
         Flame Wave        |       |       |       |    46 |   119 |       |       |       |       ||   165
         Leda's Unmaking   |       |       |       |       |    43 |    59 |   163 |   303 |     9 ||   577
         Starburst         |       |       |       |       |    24 |   338 |   218 |   325 |    23 ||   928
         Blink             |       |       |       |       |       |       |     1 |       |       ||     1
         Fire Storm        |       |       |       |       |       |       |       |     2 |    21 ||    23
 Invoke: Curse Item        |       |       |     2 |     6 |     1 |     1 |     4 |     2 |       ||    16
         Shatter the Chain |       |       |       |       |       |     3 |     3 |       |     2 ||     8
  Evoke: Wand              |       |     1 |     3 |     1 |     6 |    36 |       |    12 |     3 ||    62
    Use: Potion            |     1 |       |     2 |       |     1 |       |     2 |       |    11 ||    17
         Scroll            |     1 |    11 |     6 |     1 |     2 |     1 |     9 |     2 |     4 ||    37
 Armour: Robe              |    27 |    39 |    52 |       |       |       |       |       |       ||   118
         Quicksilver drago |       |       |    32 |    95 |   368 |   510 |    25 |       |       ||  1030
         Ice dragon scales |       |       |       |       |       |       |   212 |   341 |   104 ||   657
  Dodge: Dodged            |    33 |    43 |   101 |    98 |   304 |   296 |   123 |   137 |    44 ||  1179
  Block: Buckler           |       |       |     4 |    55 |   151 |   150 |    55 |       |       ||   415
         Kite shield       |       |       |       |       |       |       |    41 |   381 |    88 ||   510

Table legend: (Time is in decaauts)
 A = Elapsed time spent in this place.
 B = Non-inter-level travel time spent in this place.
 C = Inter-level travel time spent in this place.
 D = Time resting spent in this place.
 E = Time spent auto-exploring this place.
 F = Levels seen in this place.
 G = Mean time per level.
                   A        B        C        D        E       F      G
               +--------+--------+--------+--------+--------+-----+--------+
         Total |  57922 |  53518 |   4404 |   3950 |  39944 |  61 |  949.5 |
       Dungeon |  14765 |  12540 |   2225 |    491 |  10070 |  15 |  984.3 |
          Lair |   6840 |   6283 |    557 |     39 |   4968 |   5 | 1368.0 |
        Shoals |   4739 |   4623 |    116 |     97 |   3836 |   4 | 1184.8 |
   Spider Nest |   6763 |   6579 |    184 |    207 |   5278 |   4 | 1690.8 |
  Orcish Mines |   1830 |   1615 |    215 |      0 |   1264 |   2 |  915.0 |
   Elven Halls |   4906 |   4770 |    136 |    452 |   3461 |   3 | 1635.3 |
        Vaults |   6078 |   5726 |    352 |     53 |   4849 |   4 | 1519.5 |
        Depths |   6663 |   6047 |    616 |   1448 |   3646 |   4 | 1665.8 |
          Hell |     31 |     31 |      0 |      0 |      0 |   1 |   31.0 |
      Ziggurat |   1580 |   1580 |      0 |    862 |    127 |  14 |  112.9 |
         Trove |     36 |     36 |      0 |      0 |      4 |   1 |   36.0 |
       Ossuary |    468 |    468 |      0 |      0 |    247 |   1 |  468.0 |
        Wizlab |   1740 |   1740 |      0 |    267 |   1208 |   1 | 1740.0 |
    Desolation |   1306 |   1306 |      0 |      3 |    944 |   1 | 1306.0 |
      Gauntlet |    169 |    169 |      0 |     29 |     42 |   1 |  169.0 |
               +--------+--------+--------+--------+--------+-----+--------+

Top non-repeatable levels by time:
Spider:4: 2988 daAuts
Depths:1: 2915 daAuts
   Elf:3: 2644 daAuts
  Lair:5: 2148 daAuts
Vaults:3: 1953 daAuts
Depths:3: 1917 daAuts
Vaults:2: 1835 daAuts
Depths:2: 1775 daAuts
  WizLab: 1740 daAuts
Spider:3: 1721 daAuts
  Lair:3: 1596 daAuts
    D:13: 1515 daAuts
Shoals:4: 1472 daAuts
    D:14: 1364 daAuts
    D:15: 1311 daAuts
